 Dungeon Crawl Stone Soup version 0.18.1-50-g88ac8fd (webtiles) character file.

216035 Rexou the Executioner (level 18, -2/146 HPs)
             Began as a Minotaur Berserker on Sept 18, 2016.
             Was a High Priest of Trog.
             Killed from afar by a shock serpent (18 damage)
             ... with a bolt of electricity
             ... on level 4 of the Snake Pit.
             The game lasted 03:47:24 (29974 turns).

Rexou the Executioner (Minotaur Berserker)         Turns: 29974, Time: 03:47:25

Health: -2/146     AC: 42    Str: 40    XL:     18   Next: 34%
Magic:  22/22      EV: 23    Int:  9    God:    Trog [*****.]
Gold:   959        SH:  0    Dex: 17    Spells: 0 memorised, 17 levels left

rFire  + . .     SeeInvis .     e - +3 battleaxe "Kyrch" {speed, Int+4 Dex+3 Stlth-}
rCold  . . .     Gourm    +     g - +5 pearl dragon armour
rNeg   + . .     Faith    .     (shield currently unavailable)
rPois  +         Spirit   .     (helmet restricted)
rElec  .         Dismiss  .     h - +2 cloak
rCorr  .         Reflect  .     z - +2 pair of gloves
SustAt .         Harm     .     d - +2 pair of boots
MR     +....                    F - amulet of the gourmand
Stlth  ..........               A - +6 ring of protection
                                Q - +5 ring of strength

@: mighty, agile, exhausted, very slightly contaminated, hasted and slowed,
somewhat resistant to hostile enchantments, extremely unstealthy
A: retaliatory headbutt, horns 2, icy blue scales 1, yellow scales 1, clever 1,
clumsy 1, fire resistance 1, frail 1, low mp 1, mutation resistance 1, poison
resistance
a: Berserk, Trog's Hand, Brothers in Arms, Burn Spellbooks, Renounce Religion
}: 1/15 runes: decaying


You were on level 4 of the Snake Pit.
You worshipped Trog.
Trog was extremely pleased with you.
You were full.

You visited 4 branches of the dungeon, and saw 31 of its levels.
You also visited: Labyrinth, Sewer, Ossuary and Volcano.

You collected 2406 gold pieces.
You spent 1447 gold pieces at shops.

Inventory:

Hand Weapons
 e - the +3 battleaxe "Kyrch" (weapon) {speed, Int+4 Dex+3 Stlth-}
   (You took it off a minotaur in a labyrinth)

   Attacks with this weapon are significantly faster.
   It affects your intelligence (+4).
   It affects your dexterity (+3).
   It makes you less stealthy.
 p - a +5 antimagic battleaxe
 L - the +6 shortbow "Newtbane" {speed, +Inv rN+ MP+9}
   (You found it on level 9 of the Dungeon)

   Attacks with this weapon are significantly faster.
   It protects you from negative energy.
   It affects your magic capacity (+9).
   It lets you turn invisible.
Missiles
 x - 751 arrows
Armour
 d - a +2 pair of boots (worn)
 g - a +5 pearl dragon armour (worn)
 h - a +2 cloak (worn)
 w - a +0 large shield
 z - a +2 pair of gloves (worn)
Jewellery
 t - an uncursed amulet of guardian spirit {unknown}
 A - a +6 ring of protection (right hand)
 F - an amulet of the gourmand (around neck)
 J - an uncursed ring of protection from magic
 N - an uncursed ring of flight
 Q - a +5 ring of strength (left hand)
Wands
 a - a wand of enslavement (10/24)
 l - a wand of acid (6/15)
 u - a wand of disintegration (9/24)
 B - a wand of hasting (3/9)
 E - a wand of disintegration (10/24)
 G - a wand of digging (8/24)
 I - a wand of paralysis (12/24)
 K - a wand of iceblast (4/15)
 R - a wand of digging (11/24)
Scrolls
 b - 8 scrolls of magic mapping
 c - 2 scrolls of immolation
 j - 4 scrolls of remove curse
 n - 12 scrolls of identify
 q - a scroll of recharging
 r - 3 scrolls of teleportation
 y - a scroll of brand weapon
 D - 6 scrolls of fog
Potions
 i - 3 potions of resistance
 k - 2 potions of magic
 m - 5 potions of haste
 C - 14 potions of curing
 H - a potion of might
 M - 4 potions of agility
 O - a potion of flight
 T - a potion of berserk rage
 U - a potion of cancellation
Books
 s - a book of Spatial Translocations

   Spells                             Type                      Level
   a - Apportation                    Translocation                1
   b - Blink                          Translocation                2
   c - Shroud of Golubria             Charms/Translocation         2
   d - Portal Projectile              Translocation                3
   e - Teleport Other                 Translocation                3
   f - Passage of Golubria            Translocation                4
   Trog disapproves of the use of such an item.
Miscellaneous
 o - 3 phantom mirrors
 S - a legendary deck of wonders {the Mercenary}
 V - a plain deck of wonders {drawn: 1}
 X - a plain deck of defence {Fortitude}
 Y - a plain deck of changes {the Elixir}
 Z - a plain deck of summoning {the Rangers}
Comestibles
 f - 18 meat rations
 v - 4 slices of pizza
 W - a bread ration


   Skills:
 * Level 15.4 Fighting
 + Level 21.8 Axes
 + Level 15.1 Bows
 * Level 15.3 Armour
 + Level 10.6 Dodging
 * Level 11.0 Evocations


You had 17 spell levels left.
You didn't know any spells.

Dungeon Overview and Level Annotations

Branches:
Dungeon (15/15)            Temple (0/1) D:6            Lair (8/8) D:10
  Swamp (4/4) Lair:5        Snake (4/4) Lair:6        Slime (0/6) Lair:6
    Orc (0/2) D:11         Vaults (0/5) D:13         Depths (0/5) D:15

Altars:
Cheibriados
Dithmenos
Elyvilon
Gozag
Makhleb
Sif Muna
Trog
Xom
Zin
The Shining One
Jiyva

Shops:
D:5 }   D:7 (   D:9 ((*   D:14 !   D:15 [*   Snake:3 !

Annotations:
D:5 Wand of digging
D:11 Refrigerator, need rc
Lair:5 Resistance item stack, Seeing items etc


Innate Abilities, Weirdness & Mutations

You reflexively headbutt those who attack you in melee.
You have a pair of horns on your head.
You are partially covered in icy blue scales (AC +1).
You are partially covered in yellow scales (AC +2).
Your mind is acute. (Int +2)
You are clumsy. (Dex -2)
Your flesh is heat resistant.
You are frail (-10% HP).
Your magical capacity is low (-10% MP).
You are somewhat resistant to further mutation.
Your system is resistant to poisons.


Message History

You kill the guardian serpent!
Trog accepts your kill.
Trog appreciates your killing of a magic user.
You slice the anaconda!!
You kill the anaconda!
Trog accepts your kill.
Your surroundings suddenly seem different.
You feel a strong urge to attack something.
Your skin stops crawling.
You feel less resistant to hostile enchantments.
You feel your anger subside.
You are no longer berserk.
You are exhausted.
You feel yourself slow down.
You hear a distant blaring wail to the east.
A shock serpent comes into view.
The shock serpent hisses angrily.
The shock serpent shoots out a bolt of lightning at you!
The bolt of electricity hits you!
You die...

).#.)))..######....##..##....#
..................###.......#.#
....(†...#.....#.###.........##
#.)#..^...#........#........#.)#
###(.....##.......#.#.##.....##.#
.(.#).##.#....#†)##..†.#......# .
(....#.#......#†.#.....#..##...#
..#.........#.#.†#........###..#
..#...........#.@###........#...
..#..#...........###......###
#......#......##..####.....#
#.###.#..<...#.....#....#...#
........##.....#S............#
......##...#....#............
..#.......#....#..........
#....###.#.###......... #....
#..## ..........


You could see a shock serpent.

Vanquished Creatures
  the Lernaean hydra (Swamp:4)
  Rupert (Lair:8)
  The ghost of nikopol the Severer, an adept HOFi of Okawaru (Swamp:3)
  2 thorn hunters
  The ghost of bworf the Phalangite, an adept MfSk of Makhleb (Swamp:4)
  Roxanne (Snake:1)
  3 greater nagas
  A fire giant (D:15)
  Aizul (Snake:1)
  Louise (Snake:3)
  2 ghouls (D:15)
  Nessos (D:15)
  The ghost of Lovchig the Cleaver, a journeyman DDFi of the Shining One (D:9)
  A dire elephant (Lair:8)
  Azrael (D:15)
  An ettin (D:9)
  A minotaur (Lab)
  25 hydras
  Fannar (Lair:3)
  5 naga warriors
  Harold (D:11)
  A rakshasa (D:15)
  The ghost of appiemonkey the Grappler, a novice TrMo of Jiyva (D:10)
  8 anacondas
  A ghost crab (Swamp:4)
  2 catoblepae (Lair:8)
  A death knight (D:13)
  2 centaur warriors (D:14)
  A deep troll shaman (Lair:8)
  Erica (D:10)
  2 tengu warriors (D:15)
  A queen ant (Lair:4)
  19 alligators
  28 death yaks
  6 shock serpents
  9 naga sharpshooters
  Urug (D:10)
  A hell knight (Volcano)
  A salamander mystic (Snake:3)
  4 skeletal warriors (D:15)
  An unseen horror (D:14)
  3 shambling mangroves
  6 naga ritualists
  A necromancer (D:13)
  11 swamp dragons
  4 hill giants
  A wolf spider zombie (D:15)
  2 ugly things (D:11)
  8 mana vipers
  2 cyclopes (D:15)
  2 hornets
  A manticore (D:15)
  3 griffons
  12 elephants
  A faun (shapeshifter) (D:15)
  5 centaur zombies (D:15)
  4 guardian serpents
  8 salamanders
  35 black mambas
  The ghost of appiemonkey the Skirmisher, a novice FoFi (D:3)
  Psyche (D:10)
  A gargoyle (D:11)
  16 naga magi
  26 spiny frogs
  A komodo dragon (shapeshifter) (D:15)
  2 torpor snails
  2 rime drakes
  4 freezing wraiths (D:13)
  9 komodo dragons
  A guardian mummy (D:15)
  3 trolls
  A tengu conjurer (D:15)
  2 polar bears
  2 queen bees
  3 two-headed ogres
  26 slime creatures
  6 giant leeches
  14 bog bodies
  Grinder (D:3)
  9 blink frogs
  7 spriggans
  3 shadows
  2 humans (D:11)
  2 wraiths
  2 wyverns
  2 basilisks
  8 fire elementals
  61 yaks
  6 hungry ghosts
  Grum (D:8)
  9 hippogriffs
  17 vampire mosquitoes
  16 insubstantial wisps
  A mottled dragon (D:15)
  29 nagas
  16 swamp worms
  13 water moccasins
  5 hell hounds
  12 porcupines
  7 soldier ants (Lair:4)
  11 swamp drakes
  9 orc warriors
  2 necrophages
  6 sky beasts
  2 black bears
  2 ice beasts
  An eye of draining (D:15)
  7 wasps
  4 ogres
  3 boggarts (D:15)
  2 phantoms (D:9)
  12 centaurs
  19 wolves
  8 crocodiles
  2 big kobolds
  A wyvern zombie (D:10)
  An earth elemental (Lab)
  28 giant frogs
  A gnoll sergeant (D:10)
  3 water moccasin zombies (Ossuary)
  A scorpion (D:13)
  A water moccasin skeleton (D:6)
  2 wyvern skeletons
  54 killer bees
  13 wights
  4 electric eels
  6 crimson imps
  3 giant frog zombies
  3 howler monkeys
  4 quasits
  7 jellies
  7 hounds
  12 orc priests
  5 centaur skeletons
  A giant frog skeleton (D:11)
  Terence (D:2)
  8 iguanas
  Natasha (thrice) (D:3)
  18 orc wizards
  29 worker ants
  29 sheep
  2 big kobold zombies (Ossuary)
  A hound zombie (D:9)
  9 mummies
  A worker ant zombie (D:6)
  7 gnolls
  54 river rats
  17 adders
  4 shadow imps
  An adder skeleton (D:4)
  6 adder zombies
  2 worms
  A dart slug (D:1)
  6 giant geckos
  73 orcs
  3 giant cockroaches
  A gnoll zombie (Ossuary)
  A goblin (D:1)
  4 hobgoblins
  17 jackals
  11 kobolds
  6 quokkas
  11 bats
  A giant gecko skeleton (D:6)
  A giant gecko zombie (D:7)
  2 giant newts (D:3)
  5 hobgoblin zombies (Ossuary)
  A jackal zombie (D:7)
  6 kobold zombies (Ossuary)
  6 orc zombies (Ossuary)
  11 rats
  3 bushes
  A butterfly (Lair:5)
  19 fungi
  17 plants
1249 creatures vanquished.

Vanquished Creatures (collateral kills)
  A hydra (Swamp:4)
1 creature vanquished.

Vanquished Creatures (others)
  An unseen horror (D:15)
  A centaur zombie (D:15)
  A human (D:11)
  3 swamp drakes (Swamp:4)
  A bush (Lair:8)
  53 fungi
  18 plants
  8 withered plants (D:15)
86 creatures vanquished.

Grand Total: 1336 creatures vanquished

Notes
Turn   | Place    | Note
--------------------------------------------------------------
     0 | D:1      | Rexou the Minotaur Berserker began the quest for the Orb.
     0 | D:1      | Reached XP level 1. HP: 19/19 MP: 0/0
   245 | D:1      | Reached XP level 2. HP: 27/27 MP: 1/1
   667 | D:1      | Reached skill level 4 in Axes
   951 | D:2      | Reached XP level 3. HP: 21/34 MP: 2/2
  1123 | D:2      | Noticed Terence
  1128 | D:2      | Killed Terence
  1128 | D:2      | Reached skill level 5 in Fighting
  1210 | D:2      | Reached XP level 4. HP: 42/42 MP: 3/3
  1309 | D:2      | Reached ** piety under Trog
  1509 | D:3      | Noticed Grinder
  1521 | D:3      | Noticed appiemonkey's ghost (novice FoFi)
  1525 | D:3      | Killed Grinder
  1525 | D:3      | Reached skill level 5 in Axes
  1525 | D:3      | Reached XP level 5. HP: 50/50 MP: 4/4
  1525 | D:3      | Reached XP level 6. HP: 57/57 MP: 5/5
  1620 | D:3      | Killed appiemonkey's ghost
  1620 | D:3      | Reached skill level 6 in Axes
  1620 | D:3      | Reached XP level 7. HP: 20/64 MP: 6/6
  1656 | D:3      | Noticed Natasha
  1661 | D:3      | Killed Natasha
  1677 | D:3      | Found a shimmering altar of Xom.
  1679 | D:3      | Found a glowing golden altar of the Shining One.
  1680 | D:3      | Found a shadowy altar of Dithmenos.
  1686 | D:3      | Noticed Natasha
  1691 | D:3      | Killed Natasha
  1712 | D:3      | Noticed Natasha
  1714 | D:3      | Killed Natasha
  1991 | D:4      | Reached *** piety under Trog
  1991 | D:4      | Reached skill level 7 in Axes
  2451 | D:4      | Found an opulent altar of Gozag.
  2454 | D:4      | Found a deep blue altar of Sif Muna.
  2455 | D:4      | Found a bloodstained altar of Trog.
  3114 | D:5      | Entered Level 5 of the Dungeon
  3236 | D:5      | You fall through a shaft!
  3246 | D:6      | Reached XP level 8. HP: 72/74 MP: 7/7
  3414 | D:6      | Found a glowing drain.
  3435 | Sewer    | Entered a sewer
  3522 | Sewer    | Reached skill level 5 in Armour
  3539 | Sewer    | Found a white marble altar of Elyvilon.
  3591 | Sewer    | Gained mutation: You have large cloven feet. [potion of mutation]
  3591 | Sewer    | Gained mutation: You are clumsy. (Dex -2) [potion of mutation]
  3591 | Sewer    | Gained mutation: Your system is resistant to poisons. [potion of mutation]
  3632 | D:6      | Reached skill level 8 in Axes
  3841 | D:5      | Found Jureide's Gadget Boutique.
  4290 | D:6      | Reached **** piety under Trog
  4294 | D:6      | Gained mutation: Your muscles are strong. (Str +2) [mutagenic meat]
  4296 | D:6      | Gained mutation: Armour fits poorly on your strangely shaped body. [mutagenic meat]
  4297 | D:6      | Gained mutation: Your magical capacity is low (-10% MP). [mutagenic meat]
  4299 | D:6      | Lost mutation: You have large cloven feet. [mutagenic meat]
  4380 | D:6      | Found a staircase to the Ecumenical Temple.
  4515 | D:6      | Reached skill level 9 in Axes
  5006 | D:7      | Found a sand-covered staircase.
  5022 | Ossuary  | Entered an ossuary
  5064 | Ossuary  | Reached XP level 9. HP: 76/82 MP: 7/7
  5100 | Ossuary  | Reached skill level 1 in Bows
  5211 | Ossuary  | Gained mutation: Your spells are a little easier to cast, but a little less powerful. [potion of mutation]
  5211 | Ossuary  | Gained mutation: You tend to lose your temper in combat. [potion of mutation]
  5729 | D:7      | Lost mutation: Armour fits poorly on your strangely shaped body. [mutagenic meat]
  5730 | D:7      | Gained mutation: You have large cloven feet. [mutagenic meat]
  5731 | D:7      | Lost mutation: You have large cloven feet. [mutagenic meat]
  5732 | D:7      | Gained mutation: Your body sometimes deteriorates upon taking damage. [mutagenic meat]
  5733 | D:7      | Gained mutation: Armour fits poorly on your strangely shaped body. [mutagenic meat]
  5808 | D:7      | Found Sovijarch's Antique Weapon Shop.
  5836 | D:7      | Reached skill level 10 in Axes
  6256 | D:8      | Noticed Grum
  6268 | D:8      | Reached skill level 5 in Bows
  6268 | D:8      | Reached skill level 5 in Dodging
  6274 | D:8      | Killed Grum
  6958 | D:9      | Found Byon's General Store.
  7045 | D:9      | Noticed an ettin
  7050 | D:9      | Killed an ettin
  7050 | D:9      | Reached XP level 10. HP: 67/91 MP: 8/8
  7058 | D:9      | Got a translucent shortbow
  7059 | D:9      | Identified the +6 shortbow "Newtbane" {speed, +Inv rN+ MP+9} (You found it on level 9 of the Dungeon)
  7114 | D:9      | Found Nill's Antique Weapon Shop.
  7234 | D:9      | Reached skill level 1 in Evocations
  7291 | D:9      | Found Jukk's Weapon Shop.
  7297 | D:9      | Bought the +2 hand axe "Wuscho Heto" {drain, Int+5} for 394 gold pieces
  7355 | D:9      | Noticed Lovchig's ghost (journeyman DDFi)
  7356 | D:9      | Reached ***** piety under Trog
  7356 | D:9      | Received a gift from Trog
  7439 | D:9      | Found a burning altar of Makhleb.
  7440 | D:9      | Noticed a green death
  7441 | D:9      | Found a glowing silver altar of Zin.
  7442 | D:9      | Noticed an angel
  7679 | D:10     | Entered Level 10 of the Dungeon
  7729 | D:10     | Found a staircase to the Lair.
  7878 | D:10     | Reached skill level 11 in Axes
  7882 | D:10     | Received a gift from Trog
  8055 | D:10     | Noticed Urug
  8068 | D:10     | Killed Urug
  8208 | D:10     | Noticed appiemonkey's ghost (novice TrMo)
  8233 | D:10     | Killed appiemonkey's ghost
  8233 | D:10     | Reached skill level 10 in Fighting
  8233 | D:10     | Reached XP level 11. HP: 26/99 MP: 10/10
  8301 | D:10     | Received a gift from Trog
  8425 | D:10     | Noticed Psyche
  8437 | D:10     | Paralysed by something for 5 turns
  8459 | D:10     | Killed Psyche
  8568 | D:10     | Noticed a hill giant
  8579 | D:10     | Killed a hill giant
  8659 | D:10     | Noticed Erica
  8675 | D:10     | Killed Erica
  8767 | Lair:1   | Entered Level 1 of the Lair of Beasts
  8801 | Lair:1   | Received a gift from Trog
  8802 | Lair:1   | Got a faintly glowing shortbow {god gift}
  8803 | Lair:1   | Identified the +3 shortbow of Noon {velocity, rElec Stlth+} (Trog gifted it to you on level 1 of the Lair of Beasts)
  8937 | Lair:1   | Reached skill level 12 in Axes
  8943 | Lair:1   | Reached skill level 10 in Bows
  9511 | Lair:1   | Reached skill level 10 in Armour
  9766 | Lair:2   | Found a labyrinth entrance.
  9802 | Lair:2   | Reached XP level 12. HP: 107/107 MP: 12/12
  9822 | Lair:2   | Received a gift from Trog
  9830 | Lab      | Entered a labyrinth
 10083 | Lab      | Noticed a minotaur
 10115 | Lab      | Killed a minotaur
 10118 | Lab      | Got a dazzling battleaxe {speed}
 10129 | Lab      | Identified the Volume of Snow and Combat Magic
 10151 | Lab      | Identified the +3 battleaxe "Kyrch" {speed, Int+4 Dex+3 Stlth-} (You took it off a minotaur in a labyrinth)
 10360 | Lair:2   | Reached skill level 5 in Evocations
 11051 | Lair:3   | Reached skill level 13 in Axes
 11142 | Lair:3   | Noticed Fannar
 11164 | Lair:3   | Killed Fannar
 11174 | Lair:3   | Gained mutation: You are partially covered in yellow scales (AC +2). [potion of mutation]
 11174 | Lair:3   | Lost mutation: Armour fits poorly on your strangely shaped body. [potion of mutation]
 11708 | Lair:4   | Noticed a death yak
 11730 | Lair:4   | Killed a death yak
 11731 | Lair:4   | Noticed a death yak
 11739 | Lair:4   | Killed a death yak
 11858 | Lair:4   | Noticed an eight-headed hydra
 11870 | Lair:4   | Killed an eight-headed hydra
 11870 | Lair:4   | Reached XP level 13. HP: 90/116 MP: 14/14
 11881 | Lair:4   | Found a dark tunnel.
 11887 | Volcano  | Entered a volcano
 11966 | Volcano  | Reached skill level 14 in Axes
 12290 | Lair:4   | Received a gift from Trog
 12314 | Lair:4   | Reached ****** piety under Trog
 13482 | Lair:5   | Found a staircase to the Swamp.
 13616 | Lair:6   | Found a staircase to the Slime Pits.
 13616 | Lair:6   | Found a viscous altar of Jiyva.
 13836 | Lair:6   | Found a staircase to the Snake Pit.
 13844 | Lair:6   | Received a gift from Trog
 14173 | Lair:6   | Received a gift from Trog
 14752 | Lair:7   | Reached skill level 15 in Axes
 15276 | Lair:7   | Reached XP level 14. HP: 96/124 MP: 16/16
 15623 | Lair:7   | Received a gift from Trog
 15860 | Lair:8   | Entered Level 8 of the Lair of Beasts
 16031 | Lair:8   | Received a gift from Trog
 16045 | Lair:8   | Reached skill level 16 in Axes
 16786 | Lair:8   | Noticed Rupert
 16834 | Lair:8   | Killed Rupert
 16834 | Lair:8   | Reached skill level 17 in Axes
 17203 | D:9      | Killed Lovchig's ghost
 17388 | D:11     | Received a gift from Trog
 17476 | D:11     | Found a white marble altar of Elyvilon.
 17780 | D:11     | Noticed Harold
 17805 | D:11     | Killed Harold
 17808 | D:11     | Reached XP level 15. HP: 134/134 MP: 16/17
 17827 | D:11     | Received a gift from Trog
 17935 | D:11     | Received a gift from Trog
 17964 | D:11     | Found a deep blue altar of Sif Muna.
 18185 | D:11     | Found a staircase to the Orcish Mines.
 18265 | D:11     | Received a gift from Trog
 18285 | D:11     | Gained mutation: You are occasionally teleported next to monsters. [mutagenic meat]
 19199 | D:12     | Reached skill level 18 in Axes
 20234 | D:13     | Found a gate to the Vaults.
 20437 | D:14     | Found Ykafor's Distillery.
 20446 | D:14     | Bought a potion of mutation for 40 gold pieces
 20446 | D:14     | Bought a potion of curing for 48 gold pieces
 20446 | D:14     | Bought a potion of cure mutation for 400 gold pieces
 20446 | D:14     | Bought a potion of heal wounds for 80 gold pieces
 20446 | D:14     | Bought a potion of curing for 48 gold pieces
 20446 | D:14     | Bought a potion of mutation for 40 gold pieces
 20446 | D:14     | Lost mutation: You are occasionally teleported next to monsters. [potion of cure mutation]
 20446 | D:14     | Lost mutation: You tend to lose your temper in combat. [potion of cure mutation]
 20446 | D:14     | Lost mutation: Your muscles are strong. (Str +2) [potion of cure mutation]
 20446 | D:14     | Lost mutation: Your spells are a little easier to cast, but a little less powerful. [potion of cure mutation]
 20447 | D:14     | Gained mutation: You are partially covered in icy blue scales (AC +1). [potion of mutation]
 20447 | D:14     | Gained mutation: Your mind is acute. (Int +2) [potion of mutation]
 20448 | D:14     | Gained mutation: You are frail (-10% HP). [potion of mutation]
 20448 | D:14     | Gained mutation: Your flesh is heat resistant. [potion of mutation]
 20448 | D:14     | Lost mutation: Your body sometimes deteriorates upon taking damage. [potion of mutation]
 20850 | D:14     | Found an opulent altar of Gozag.
 21204 | Lair:5   | Drew Focus: Str increased to 29, Int decreased to 3
 21784 | Swamp:1  | Entered Level 1 of the Swamp
 21820 | Swamp:1  | Received a gift from Trog
 21915 | Swamp:1  | Got a crude ring mail
 21926 | Swamp:1  | Identified the +0 ring mail of Grace {-Tele +Fly Str+7} (You found it on level 1 of the Swamp)
 22949 | Swamp:2  | Reached XP level 16. HP: 106/129 MP: 19/19
 22950 | Swamp:2  | Received a gift from Trog
 23292 | Swamp:3  | Reached skill level 19 in Axes
 23413 | Swamp:3  | Noticed nikopol's ghost (adept HOFi)
 23444 | Swamp:3  | Killed nikopol's ghost
 23601 | Swamp:3  | Received a gift from Trog
 24043 | Swamp:4  | Entered Level 4 of the Swamp
 24068 | Swamp:4  | Received a gift from Trog
 24103 | Swamp:3  | Noticed a thorn hunter
 24120 | Swamp:3  | Killed a thorn hunter
 24362 | Snake:1  | Entered Level 1 of the Snake Pit
 24371 | Snake:1  | Noticed Aizul
 24394 | Snake:1  | Killed Aizul
 24451 | Snake:1  | Gained mutation: You are somewhat resistant to further mutation. [mutagenic meat]
 24565 | Snake:1  | Noticed Roxanne
 24635 | Snake:1  | Found a snail-covered altar of Cheibriados.
 24660 | Snake:1  | Identified a scroll of acquirement
 24992 | Snake:1  | Reached skill level 20 in Axes
 25070 | Snake:1  | You fall through a shaft!
 25263 | Snake:2  | Received a gift from Trog
 25622 | D:15     | Entered Level 15 of the Dungeon
 25679 | D:15     | Found Ycoxoh's Antique Armour Shop.
 25683 | D:15     | Bought a pair of embroidered boots for 202 gold pieces
 25715 | D:15     | Found a staircase to the Depths.
 25756 | D:15     | Received a gift from Trog
 25981 | D:15     | Reached XP level 17. HP: 134/136 MP: 20/20
 26152 | D:15     | Reached skill level 10 in Evocations
 26327 | D:15     | Found Gamozyh's General Store.
 26334 | D:15     | Bought a potion of curing for 45 gold pieces
 26334 | D:15     | Bought a potion of haste for 150 gold pieces
 26361 | D:15     | Noticed Nessos
 26369 | D:15     | Killed Nessos
 26403 | D:15     | Received a gift from Trog
 26434 | D:15     | Noticed Azrael
 26459 | D:15     | Killed Azrael
 27531 | Swamp:4  | Reached skill level 10 in Dodging
 27603 | Swamp:4  | Noticed bworf's ghost (adept MfSk)
 27652 | Swamp:4  | Killed bworf's ghost
 27665 | Swamp:4  | Reached skill level 21 in Axes
 28116 | Swamp:4  | Noticed the 27-headed Lernaean hydra
 28133 | Swamp:4  | Killed the 27-headed Lernaean hydra
 28142 | Swamp:4  | Got a decaying rune of Zot
 28194 | Swamp:4  | Reached skill level 15 in Bows
 28466 | Snake:1  | Killed Roxanne
 28600 | Snake:2  | Received a gift from Trog
 29044 | Snake:3  | Noticed Louise
 29075 | Snake:3  | Killed Louise
 29088 | Snake:3  | Found Qebizece's Distillery.
 29136 | Snake:3  | Reached skill level 15 in Armour
 29312 | Snake:3  | Reached XP level 18. HP: 105/145 MP: 14/22
 29407 | Snake:3  | Received a gift from Trog
 29521 | Snake:3  | Reached skill level 15 in Fighting
 29733 | Snake:4  | Entered Level 4 of the Snake Pit
 29974 | Snake:4  | Killed from afar by a shock serpent

Skill      XL: |  1  2  3  4  5  6  7  8  9 10 11 12 13 14 15 16 17 18 |
---------------+-------------------------------------------------------+-----
Fighting       | 4 5 6 7 8 9 10 11 12 13 14 15 | 15.4
Axes           | 4 5 6 7 9 10 11 12 13 15 17 18 20 21 | 21.8
Dodging        | 3 4 5 6 7 8 9 10 | 10.6
Armour         | 3 4 6 7 9 10 11 12 13 14 15 | 15.3
Bows           | 7 8 11 12 13 14 15 | 15.1
Evocations     | 2 4 6 7 8 9 10 11 | 11.0

Action                   |  1- 3 |  4- 6 |  7- 9 | 10-12 | 13-15 | 16-18 || total
-------------------------+-------+-------+-------+-------+-------+-------++-------
Melee: Hand axe          |    58 |    57 |   304 |   310 |       |       ||   729
       Headbutt          |     7 |    14 |    64 |    89 |   272 |   268 ||   714
       Falchion          |       |       |     5 |       |       |       ||     5
       Shortbow          |       |       |       |     1 |       |       ||     1
       Dagger            |       |       |       |     7 |       |       ||     7
       Battleaxe         |       |       |       |   118 |   957 |   984 ||  2059
       Dire flail        |       |       |       |       |     4 |       ||     4
 Fire: Shortbow          |       |       |   156 |   344 |   411 |   217 ||  1128
       Longbow           |       |       |       |       |     3 |       ||     3
Invok: Berserk           |     2 |     3 |     9 |     5 |     8 |    16 ||    43
       Trog's Hand       |       |       |       |     4 |     3 |    19 ||    26
       Burn Spellbooks   |       |       |       |     1 |     3 |     3 ||     7
Evoke: Wand              |       |       |     1 |     1 |     4 |     4 ||    10
       Deck              |       |       |       |       |     1 |       ||     1
  Use: Scroll            |       |     9 |     8 |     9 |    13 |    10 ||    49
       Potion            |       |     1 |    12 |     5 |     4 |    12 ||    34
 Stab: Petrifying        |       |       |       |       |     2 |       ||     2
       Petrified         |       |       |       |       |     1 |       ||     1
  Eat: Chunk             |     3 |     3 |    46 |    29 |    50 |    38 ||   169
       Fruit             |       |       |     4 |       |       |       ||     4
       Beef jerky        |       |       |       |     1 |       |     1 ||     2
       Bread ration      |       |       |       |       |       |     1 ||     1
Armor: Animal skin       |    13 |       |       |       |       |       ||    13
       Chain mail        |       |    18 |   198 |   152 |    17 |       ||   385
       Robe              |       |     1 |       |       |       |       ||     1
       Pearl dragon armo |       |       |       |   153 |   520 |   675 ||  1348
Dodge: Dodged            |    48 |    18 |   185 |   226 |   503 |   655 ||  1635
Block: Other             |       |       |    14 |       |       |       ||    14
